 Dungeon Crawl Stone Soup version 0.19.0-9-gfd783f2 (webtiles) character file.

230968 vev the Bludgeoner (level 18, -7/151 HPs)
             Began as a Demigod Necromancer on Nov 6, 2016.
             Killed from afar by a frost giant (illusionary) (23 damage)
             ... with a bolt of cold
             ... on level 2 of the Vaults on Nov 7, 2016.
             The game lasted 03:56:01 (39464 turns).

vev the Bludgeoner (Demigod Necromancer)           Turns: 39464, Time: 03:56:03

Health: -7/151     AC: 23    Str: 27    XL:     18   Next: 12%
Magic:  27/31      EV: 19    Int: 21    God:
Gold:   678        SH: 18    Dex: 23    Spells: 8 memorised, 9 levels left

rFire  + . .     SeeInvis +     a - +5 eveningstar (venom)
rCold  + . .     Gourm    .     A - +3 scale mail
rNeg   . . .     Faith    .     U - +3 shield of Exclusion {Str+3 Dex+3 Stlth+}
rPois  +         Spirit   .     k - +2 helmet {SInv}
rElec  +         Reflect  .     X - +2 cloak {rPois}
rCorr  +         Harm     .     l - +2 pair of gloves
MR     ++...                    P - +1 pair of boots of the Blizzard {Int+2 Slay+2 Stlth+}
Stlth  ++++......               J - amulet of rage
                                S - +5 ring of strength
                                G - ring of protection from magic

@: exhausted, resistant, marked, regenerating, slowed, very slow
A: high mp 1, mutation resistance 1, MP-powered wands
a: Evoke Berserk Rage
}: 1/15 runes: serpentine


You were on level 2 of the Vaults.
You were hungry.

You visited 7 branches of the dungeon, and saw 34 of its levels.
You also visited: Labyrinth and Bailey.

You collected 3735 gold pieces.
You spent 3057 gold pieces at shops.

Inventory:

Hand Weapons
 a - a +5 eveningstar of venom (weapon)
 b - a +2 morningstar of holy wrath
Missiles
 L - 3 throwing nets (quivered)
Armour
 k - a +2 helmet of see invisible (worn)
 l - a +2 pair of gloves (worn)
 A - a +3 scale mail (worn)
 P - the +1 pair of boots of the Blizzard (worn) {Int+2 Slay+2 Stlth+}
   (You bought it in a shop on level 1 of the Orcish Mines)

   It affects your intelligence (+2).
   It affects your accuracy and damage with ranged weapons and melee attacks
   (+2).
   It makes you more stealthy.
 U - the +3 shield of Exclusion (worn) {Str+3 Dex+3 Stlth+}
   (You bought it in a shop on level 2 of the Orcish Mines)

   It affects your strength (+3).
   It affects your dexterity (+3).
   It makes you more stealthy.
 X - a +2 cloak of poison resistance (worn)
Jewellery
 D - an uncursed ring of protection from fire
 G - a ring of protection from magic (left hand)
 J - an amulet of rage (around neck)
 K - an uncursed ring of ice
 S - a +5 ring of strength (right hand)
Wands
 x - a wand of hasting (5/9)
 y - a wand of heal wounds (7/9)
 F - a wand of disintegration (9/24)
 H - a wand of teleportation (4/9)
 Z - a wand of disintegration (14/24)
Scrolls
 f - 6 scrolls of blinking
 g - 3 scrolls of recharging
 h - 18 scrolls of remove curse
 i - a scroll of identify
 o - a scroll of silence
 p - a scroll of enchant armour
 q - 15 scrolls of teleportation
 s - 4 scrolls of fear
 t - 4 scrolls of magic mapping
 w - 6 scrolls of amnesia
 B - 3 scrolls of fog
 N - a scroll of summoning
Potions
 d - 2 potions of might
 e - 12 potions of curing
 j - 2 potions of brilliance
 n - a potion of berserk rage
 r - 6 potions of cancellation
 u - 5 potions of lignification
 z - 2 potions of haste
 C - 2 potions of ambrosia
 I - 4 potions of flight
 O - 4 potions of magic
 Q - a potion of agility
 R - 2 potions of resistance
Books
 V - Roxanne's Catalogue of Transmutation
   (You took it off Roxanne on level 2 of the Shoals)

   Spells                             Type                      Level
   a - Beastly Appendage              Transmutation                1
   b - Passwall                       Transmutation/Earth          2
   c - Irradiate                      Conjuration/Transmutation    5
   d - Yara's Violent Unravelling     Hexes/Transmutation          5
   e - Statue Form                    Transmutation/Earth          6
Miscellaneous
 m - a sack of spiders
 v - a phantom mirror
 E - a lamp of fire
Comestibles
 c - 13 bread rations
 M - 3 chunks of flesh
 T - 5 royal jellies
 Y - 27 fruits


   Skills:
 - Level 11.5 Fighting
   Level 9.5 Long Blades
 - Level 16.0 Maces & Flails
 - Level 8.5 Armour
 - Level 10.1 Dodging
 - Level 4.1 Stealth
 + Level 14.5 Shields
 - Level 6.1 Spellcasting
 - Level 4.2 Hexes
 - Level 5.1 Charms
 - Level 8.4 Necromancy
 - Level 4.7 Translocations


You had 9 spell levels left.
You knew the following spells:

 Your Spells              Type           Power        Failure   Level  Hunger
a - Pain                  Necr           ####         1%          1    None
b - Blink                 Tloc           N/A          6%          2    None
d - Vampiric Draining     Necr           #####.....   1%          3    ##.....
m - Repel Missiles        Chrm/Air       ###...       12%         2    None
p - Passwall              Tmut/Erth      #.........   30%         2    None
r - Regeneration          Chrm/Necr      #####.....   4%          3    ##.....
s - Spectral Weapon       Hex/Chrm       ####....     12%         3    ##.....
w - Animate Dead          Necr           N/A          10%         4    ####...


Dungeon Overview and Level Annotations

Branches:
Dungeon (15/15)            Temple (1/1) D:5            Lair (6/6) D:9
 Shoals (4/4) Lair:2        Snake (4/4) Lair:4        Slime (0/5) Lair:5
    Orc (2/2) D:9             Elf (0/3) Orc:2        Vaults (2/5) D:14
 Depths (0/5) D:15
  Crypt: Vaults:2-3

Shops:
D:4 }   D:7 %   D:14 ?   Orc:1 **[([   Orc:2 }[[?   Snake:3 =   Snake:4 *
Vaults:1 ?

Annotations:
D:15 Louise
Lair:6 1 runed door
Shoals:4 Bai Suzhen


Innate Abilities, Weirdness & Mutations

You have an increased reservoir of magic. (+10% MP)
You are somewhat resistant to further mutation.
You expend magic power (3 MP) to strengthen your wands.


Message History

The bolt of cold hits you! You resist.
* * * LOW HITPOINT WARNING * * *
The frost giant misses you.
The frost giant gestures at you while chanting.
The bolt of cold hits you! You resist.
* * * LOW HITPOINT WARNING * * *
Unknown command.
You are too berserk!
Unknown command.
You are too berserk!
Unknown command.
You are too berserk!
Unknown command.
You feel a strong urge to attack something.
You are no longer berserk.
You are exhausted.
You feel yourself slow down.
The frost giant gestures at you while chanting.
The bolt of cold hits you! You resist.
You die...

#...## #....'
#.....#
#...R..##
#......C#
#.....CC#
#######(########
#.........#
#.@.......#
#.........#
#.........#
#.....<...#
#.........#
###########


You could see 3 frost giants.

Vanquished Creatures
  2 krakens
  2 sphinxes
  Roxanne (Shoals:2)
  10 nagarajas
  A fire giant (Orc:1)
  An orc warlord (Orc:2)
  A vault warden (Vaults:1)
  A stone giant (D:15)
  5 ironheart preservers (Vaults:1)
  An ettin (Orc:2)
  3 merfolk javelineers
  A minotaur (Lab)
  2 fire dragons
  A great orb of eyes (Vaults:1)
  4 yaktaur captains
  Erolcha (D:10)
  2 ice dragons (Vaults:1)
  18 naga warriors
  4 vault guards (D:14)
  3 hydras
  2 merfolk aquamancers (Shoals:2)
  7 ogre magi
  6 anacondas
  Erica (D:8)
  2 satyrs (Shoals:3)
  A death knight (Vaults:1)
  A deep troll shaman (Vaults:1)
  An alligator snapping turtle (Shoals:3)
  6 centaur warriors
  A merfolk avatar (Shoals:1)
  A deep troll earth mage (Vaults:1)
  2 shock serpents (Snake:3)
  8 naga sharpshooters
  5 orc high priests
  Sonja (D:10)
  4 deep elf knights (Vaults:1)
  2 salamander mystics
  5 skeletal warriors
  2 unseen horrors
  7 sea snakes
  6 naga ritualists
  A wizard (Vaults:1)
  5 deep trolls (Vaults:1)
  2 ironbrand convokers
  A flayed ghost (D:11)
  Pikel (D:8)
  A harpy (shapeshifter) (Vaults:1)
  12 orc knights
  2 lindwurms (Lair:6)
  A necromancer (D:15)
  17 hill giants
  A phantasmal warrior (D:15)
  2 deep elf archers (Vaults:1)
  7 harpies (Shoals:1)
  3 ugly things
  5 orc sorcerers
  5 deep elf magi
  7 mana vipers
  8 cyclopes
  10 manticores
  10 salamanders
  8 fauns
  2 guardian serpents (Snake:4)
  8 elephants (Lair:6)
  9 vault sentinels
  34 black mambas
  20 naga magi
  4 sirens
  7 torpor snails
  4 water nymphs
  9 spiny frogs
  3 centaur zombies
  2 gargoyles
  3 yaktaurs
  9 komodo dragons
  8 rime drakes
  An efreet (D:12)
  2 kobold demonologists
  A tengu conjurer (D:14)
  A guardian mummy (D:15)
  A queen bee (D:9)
  21 merfolk
  6 trolls
  4 meliai
  13 two-headed ogres
  A tyrant leech (shapeshifter) (D:11)
  10 wind drakes
  8 hornets
  3 tyrant leeches (Lair:6)
  A slime creature (shapeshifter) (D:11)
  9 dream sheep (Lair:6)
  A deep troll zombie (D:15)
  18 slime creatures
  7 hippogriffs
  2 snapping turtles (Shoals:3)
  12 blink frogs
  An ice dragon skeleton (D:15)
  2 wraiths
  3 wyverns
  A deep troll skeleton (D:15)
  A vampire (D:14)
  10 water elementals
  16 yaks
  Grum (Lair:1)
  A hog (D:15)
  A steam dragon (Lair:6)
  3 basilisks
  3 hungry ghosts
  Eustachio (D:5)
  2 vampire mosquitoes (D:13)
  Menkaure (D:4)
  5 mottled dragons
  35 nagas
  10 wargs
  A soldier ant (D:13)
  13 water moccasins
  5 porcupines
  Duvessa (D:4)
  Edmund (D:5)
  4 slaves (D:8)
  A meliai simulacrum (D:14)
  2 swamp drakes (Lair:6)
  48 orc warriors
  A black bear (D:8)
  2 ice beasts
  An eye of draining (D:12)
  A phantom (D:12)
  3 sky beasts
  7 wolves
  16 centaurs
  23 ogres
  9 crocodiles
  A big kobold (D:13)
  A wyvern zombie (D:12)
  23 bullfrogs
  Dowan (D:4)
  2 wyvern skeletons
  5 scorpions
  10 killer bees (D:9)
  8 wights
  A howler monkey (D:7)
  5 crimson imps
  2 lava snakes (Orc:1)
  2 quasits
  30 orc priests
  Crazy Yiuf (D:5)
  2 bullfrog skeletons
  13 hounds
  5 jellies
  40 orc wizards
  3 centaur skeletons
  6 iguanas
  7 worker ants
  A killer bee zombie (D:10)
  2 hound zombies
  A hound skeleton (D:6)
  Robin (D:3)
  4 gnolls (Orc:1)
  A howler monkey skeleton (D:6)
  12 adders
  3 shadow imps
  A worker ant simulacrum (D:11)
  3 oozes
  2 worms
  A dart slug (D:1)
  7 leopard geckos
  156 orcs
  7 bats
  5 giant cockroaches
  16 goblins
  6 hobgoblins
  9 jackals
  15 kobolds
  2 quokkas
  A ball python zombie (D:5)
  4 frilled lizards
  A jackal zombie (D:8)
  A quokka skeleton (D:4)
  A quokka zombie (D:6)
  10 rats
  A butterfly (Lair:1)
  A plant (Shoals:2)
  7 tentacles
1174 creatures vanquished.

Vanquished Creatures (collateral kills)
  2 nagarajas (Snake:4)
  A vault warden (Vaults:1)
  A merfolk javelineer (Shoals:3)
  2 naga warriors (Snake:4)
  An anaconda (Snake:1)
  A shock serpent (Snake:4)
  3 naga sharpshooters (Snake:4)
  A skeletal warrior (Vaults:1)
  4 naga ritualists
  A golden dragon zombie (D:15)
  2 harpies (Shoals:1)
  An orc knight (Vaults:1)
  A deep elf mage (Vaults:1)
  A manticore (D:9)
  4 salamanders
  3 fauns (Shoals:3)
  2 mana vipers
  4 elephants (Lair:6)
  A vault sentinel (Vaults:1)
  9 black mambas
  2 guardian serpents
  A centaur skeleton (D:13)
  4 naga magi
  A yaktaur (shapeshifter) (Vaults:1)
  4 merfolk
  A hornet (Lair:6)
  2 wind drakes (Shoals:3)
  A tyrant leech (Lair:6)
  A troll (D:9)
  2 polar bears
  2 two-headed ogres
  2 blink frogs (Lair:6)
  2 slime creatures (D:15)
  3 water elementals
  A shadow (D:13)
  3 yaks (Lair:6)
  9 nagas
  A water moccasin (Lair:6)
  2 orc warriors (Orc:2)
  An eye of draining (D:12)
  An ogre (Orc:2)
  A wolf (Lair:5)
  A centaur (Vaults:1)
  Blork the orc (D:6)
  4 killer bees (D:9)
  An electric eel (Lair:6)
  A bullfrog zombie (D:6)
  An orc wizard (Orc:1)
  4 orc priests (Orc:2)
  An iguana (Lair:6)
  A worker ant (D:7)
  23 orcs
  A butterfly (Lair:6)
  A fungus (Lair:6)
  3 plants
  A withered plant (D:15)
136 creatures vanquished.

Vanquished Creatures (others)
  7 fungi
  40 plants
  21 spectral weapons
  20 tentacles
  2 withered plants (D:15)
90 creatures vanquished.

Grand Total: 1400 creatures vanquished

Notes
Turn   | Place    | Note
-------+----------+-------------------------------------------
     0 | D:1      | vev the Demigod Necromancer began the quest for the Orb.
     0 | D:1      | Reached XP level 1. HP: 14/14 MP: 5/5
    19 | D:1      | Reached skill level 1 in Fighting
   301 | D:1      | Reached XP level 2. HP: 22/23 MP: 4/7
   553 | D:1      | Reached skill level 2 in Fighting
  1058 | D:2      | Reached XP level 3. HP: 22/30 MP: 1/8
  1482 | D:2      | Reached skill level 3 in Fighting
  1740 | D:3      | Found a sparkling altar of Nemelex Xobeh.
  1819 | D:3      | Found a sacrificial altar of Ru.
  1999 | D:3      | Noticed a hippogriff
  2152 | D:3      | Reached XP level 4. HP: 38/38 MP: 7/9
  2346 | D:3      | Reached skill level 4 in Fighting
  2794 | D:3      | Found a deep blue altar of Sif Muna.
  2870 | D:3      | Noticed Robin
  2921 | D:3      | Learned a level 3 spell: Vampiric Draining
  2936 | D:3      | Killed Robin
  3215 | D:4      | Found Tohovva's Gadget Shop.
  3216 | D:4      | Noticed an ice beast
  3240 | D:4      | Killed an ice beast
  3240 | D:4      | Reached skill level 5 in Fighting
  3240 | D:4      | Reached XP level 5. HP: 20/48 MP: 0/10
  3371 | D:4      | Noticed Menkaure
  3425 | D:4      | Killed Menkaure
  3425 | D:4      | Reached skill level 6 in Fighting
  3425 | D:4      | Reached XP level 6. HP: 36/57 MP: 11/11
  3810 | D:4      | Noticed Duvessa
  3810 | D:4      | Noticed Dowan
  3820 | D:4      | Killed Duvessa
  3822 | D:4      | Killed Dowan
  3822 | D:4      | Reached skill level 7 in Fighting
  3822 | D:4      | Reached XP level 7. HP: 42/66 MP: 8/12
  4297 | D:3      | Found a stormy altar of Qazlal.
  4298 | D:3      | Noticed an air elemental
  4298 | D:3      | Noticed a fire elemental
  4298 | D:3      | Noticed a water elemental
  4365 | D:5      | Entered Level 5 of the Dungeon
  4401 | D:5      | Found a staircase to the Ecumenical Temple.
  4408 | Temple   | Entered the Ecumenical Temple
  4806 | D:5      | Noticed Edmund
  4807 | D:5      | Noticed Eustachio
  4817 | D:5      | Killed Edmund
  4828 | D:5      | Killed Eustachio
  4828 | D:5      | Reached skill level 8 in Fighting
  4984 | D:5      | Reached skill level 2 in Shields
  4988 | D:5      | Gained mutation: You expend magic power (3 MP) to strengthen your wands. [mutagenic meat]
  4989 | D:5      | Gained mutation: You are somewhat resistant to further mutation. [mutagenic meat]
  5069 | D:5      | Found a shimmering altar of Xom.
  5459 | D:5      | Killed a hippogriff
  5459 | D:5      | Reached skill level 4 in Shields
  5459 | D:5      | Reached XP level 8. HP: 47/74 MP: 13/13
  5662 | D:5      | Found a runed door.
  5666 | D:5      | Noticed Crazy Yiuf
  5674 | D:5      | Killed Crazy Yiuf
  5780 | D:5      | Found a burning altar of Makhleb.
  5857 | D:5      | Reached skill level 2 in Dodging
  5857 | D:5      | Reached skill level 2 in Spellcasting
  5925 | D:6      | Reached skill level 4 in Necromancy
  6341 | D:6      | Reached skill level 3 in Dodging
  6350 | D:6      | Learned a level 3 spell: Regeneration
  6355 | D:6      | Learned a level 4 spell: Animate Dead
  6371 | D:6      | Reached skill level 3 in Spellcasting
  6545 | D:6      | Noticed Blork the orc
  6557 | D:6      | Killed Blork the orc
  6558 | D:6      | Found an opulent altar of Gozag.
  6558 | D:6      | Found a faded altar of an unknown god.
  6575 | D:6      | Found an iron altar of Okawaru.
  6577 | D:6      | Found a faded altar of an unknown god.
  6579 | D:6      | Found a faded altar of an unknown god.
  6798 | D:7      | Found Nirujus's Food Boutique.
  6858 | D:7      | Found a flagged portal.
  6875 | Bailey   | Entered a bailey
  6898 | Bailey   | Noticed an orc knight
  7065 | D:7      | Reached XP level 9. HP: 73/82 MP: 17/17
  7195 | D:7      | Reached skill level 5 in Necromancy
  7496 | D:7      | Reached skill level 4 in Dodging
  7563 | D:7      | Reached skill level 9 in Fighting
  7816 | D:8      | Noticed Erica
  7833 | D:8      | Killed Erica
  7833 | D:8      | Reached skill level 4 in Long Blades
  7905 | D:8      | Found a glowing silver altar of Zin.
  7906 | D:8      | Found a white marble altar of Elyvilon.
  7907 | D:8      | Found a glowing golden altar of the Shining One.
  8226 | D:8      | Noticed Pikel
  8282 | D:8      | Killed Pikel
  8282 | D:8      | Reached skill level 5 in Long Blades
  8287 | D:8      | Found a hide-covered altar of Uskayaw.
  8501 | D:9      | Reached skill level 6 in Long Blades
  8501 | D:9      | Reached XP level 10. HP: 74/91 MP: 15/19
  8764 | D:9      | Found a staircase to the Orcish Mines.
  9222 | D:9      | Reached skill level 7 in Long Blades
  9473 | D:9      | Found a staircase to the Lair.
  9504 | D:9      | Noticed a manticore
  9510 | D:9      | Killed a manticore
  9510 | D:9      | Reached skill level 8 in Long Blades
  9919 | D:9      | Learned a level 2 spell: Blink
  9948 | D:9      | Noticed an ogre mage
  9954 | D:9      | Killed an ogre mage
  9954 | D:9      | Reached skill level 9 in Long Blades
 10395 | D:10     | Entered Level 10 of the Dungeon
 10623 | D:10     | Noticed Sonja
 10750 | Lair:1   | Entered Level 1 of the Lair of Beasts
 10750 | Lair:1   | Noticed a black mamba
 10798 | Lair:1   | Killed a black mamba
 10798 | Lair:1   | Reached skill level 1 in Maces & Flails
 10877 | Lair:1   | Reached skill level 2 in Maces & Flails
 11338 | Lair:1   | Noticed Grum
 11357 | Lair:1   | Reached skill level 3 in Maces & Flails
 11374 | Lair:1   | Killed Grum
 11397 | Lair:1   | Noticed a black mamba
 11404 | Lair:1   | Killed a black mamba
 11404 | Lair:1   | Reached skill level 4 in Maces & Flails
 11404 | Lair:1   | Reached XP level 11. HP: 67/97 MP: 20/20
 11955 | Lair:2   | Reached skill level 5 in Maces & Flails
 12059 | Lair:2   | Reached skill level 6 in Maces & Flails
 12198 | Lair:2   | Found a staircase to the Shoals.
 12712 | Lair:2   | Reached skill level 7 in Maces & Flails
 13341 | Lair:3   | Reached skill level 8 in Maces & Flails
 13418 | Lair:3   | Noticed a six-headed hydra
 13429 | Lair:3   | Killed a six-headed hydra
 13879 | Lair:3   | Reached skill level 9 in Maces & Flails
 14464 | Lair:4   | Found a staircase to the Snake Pit.
 14693 | Lair:4   | Learned a level 3 spell: Spectral Weapon
 15125 | Lair:5   | Found a runed door.
 15166 | Lair:5   | Reached skill level 10 in Maces & Flails
 15323 | Lair:5   | Found a viscous altar of Jiyva.
 15324 | Lair:5   | Found a staircase to the Slime Pits.
 15359 | Lair:5   | Reached XP level 12. HP: 86/104 MP: 18/21
 15815 | Lair:5   | Noticed an eight-headed hydra
 15854 | Lair:6   | Entered Level 6 of the Lair of Beasts
 16020 | Lair:5   | Reached skill level 11 in Maces & Flails
 16108 | Lair:6   | Noticed a five-headed hydra
 16134 | Lair:6   | Killed a five-headed hydra
 16147 | Lair:6   | Reached skill level 12 in Maces & Flails
 16295 | Lair:6   | Identified a scroll of acquirement
 16490 | Lair:6   | Reached skill level 13 in Maces & Flails
 16898 | Lair:6   | Noticed a fire dragon
 17008 | Lair:6   | Reached XP level 13. HP: 63/111 MP: 18/22
 17193 | Lair:6   | Reached skill level 14 in Maces & Flails
 17249 | Lair:6   | Found a runed door.
 18391 | D:11     | Found a glowing golden altar of the Shining One.
 18938 | D:11     | Reached skill level 4 in Spellcasting
 19027 | D:11     | Noticed a spark wasp
 19027 | D:11     | a slime creature changed into a spark wasp
 19028 | D:11     | a spark wasp changed into a tyrant leech
 19055 | D:11     | Identified the Papyrus of Stones
 19296 | D:12     | Reached skill level 6 in Necromancy
 19535 | D:12     | Reached skill level 5 in Spellcasting
 20354 | D:13     | Reached skill level 7 in Necromancy
 20995 | D:13     | Reached skill level 6 in Spellcasting
 21050 | D:13     | Learned a level 2 spell: Repel Missiles
 21319 | D:14     | Reached skill level 1 in Hexes
 21333 | D:14     | Reached skill level 1 in Charms
 21522 | D:14     | Reached skill level 2 in Hexes
 21522 | D:14     | Reached skill level 2 in Charms
 21828 | D:14     | Found Unkeicki's Magic Scroll Boutique.
 21837 | D:14     | Bought a scroll of identify for 20 gold pieces
 21837 | D:14     | Bought a scroll of identify for 20 gold pieces
 21837 | D:14     | Bought a scroll of identify for 20 gold pieces
 21960 | D:14     | Got an iridescent fustibalus
 21961 | D:14     | Identified the +6 fustibalus of Wounding {speed, rElec} (You found it on level 14 of the Dungeon)
 22235 | D:14     | Reached skill level 3 in Hexes
 22493 | D:15     | Entered Level 15 of the Dungeon
 22515 | D:14     | Reached XP level 14. HP: 76/118 MP: 23/27
 22523 | D:14     | Reached skill level 3 in Charms
 22580 | D:14     | HP: 9/118 [skeletal warrior/trident[a skeletal warrior] (23)]
 22825 | D:14     | Reached skill level 4 in Hexes
 22948 | D:15     | Found a labyrinth entrance.
 22952 | Lab      | Entered a labyrinth
 23318 | Lab      | Got a twisted long sword {flame}
 23319 | Lab      | Identified the +6 long sword of Sequestration {flame, Fragile +Rage rF++ MR+++} (You took it off a minotaur in a labyrinth)
 23376 | D:15     | Reached skill level 5 in Dodging
 23505 | D:15     | Reached skill level 6 in Dodging
 23612 | D:15     | Found a staircase to the Depths.
 23651 | D:15     | Noticed Louise
 23697 | D:15     | Reached skill level 7 in Dodging
 24022 | D:10     | Killed Sonja
 24051 | D:10     | Reached skill level 15 in Maces & Flails
 24337 | D:10     | Noticed Erolcha
 24386 | D:10     | Killed Erolcha
 24386 | D:10     | Reached skill level 1 in Translocations
 24514 | Orc:1    | Entered Level 1 of the Orcish Mines
 24514 | Orc:1    | Found Digituq's Weapon Shoppe.
 24537 | Orc:1    | Reached skill level 2 in Translocations
 24633 | Orc:1    | Found Dev Etur's Antique Armour Boutique.
 24643 | Orc:1    | Bought a pair of ichor-stained boots for 275 gold pieces
 24648 | Orc:1    | Identified the +1 pair of boots of the Blizzard {Int+2 Slay+2 Stlth+} (You bought it in a shop on level 1 of the Orcish Mines)
 24654 | Orc:1    | Bought a glowing buckler for 304 gold pieces
 24670 | Orc:1    | Found Hutsaq's Antique Armour Emporium.
 24727 | Orc:1    | Bought a glowing helmet for 325 gold pieces
 24738 | Orc:1    | Bought a faintly glowing large shield for 294 gold pieces
 24748 | Orc:1    | Identified the +1 large shield "Vostreur" {MR+ Str+4 Dex-5} (You bought it in a shop on level 1 of the Orcish Mines)
 24847 | Orc:2    | Entered Level 2 of the Orcish Mines
 24907 | Orc:2    | Found Epnouluc's Gadget Boutique.
 24920 | Orc:2    | Reached skill level 3 in Translocations
 24947 | Orc:2    | Found Yfuisalo's Armour Shop.
 24973 | Orc:2    | Found a roughly hewn altar of Beogh.
 25037 | Orc:2    | Reached skill level 4 in Translocations
 25596 | Orc:2    | Found a staircase to the Elven Halls.
 25738 | Orc:2    | Noticed an orc warlord
 25986 | Orc:2    | Found a roughly hewn altar of Beogh.
 26037 | Orc:2    | Killed an orc warlord
 26169 | Orc:2    | Found Paykhurgh's Magic Scroll Boutique.
 26300 | Orc:2    | Found Izee's Antique Armour Shop.
 26307 | Orc:2    | Reached skill level 8 in Dodging
 26836 | Orc:2    | Bought a pair of glowing gloves for 252 gold pieces
 26849 | Orc:2    | Bought a bloodstained shield for 228 gold pieces
 26850 | Orc:2    | Identified the +3 shield of Exclusion {Str+3 Dex+3 Stlth+} (You bought it in a shop on level 2 of the Orcish Mines)
 26851 | Orc:2    | Upgraded the game from 0.19.0-2-gae57169 to 0.19.0-9-gfd783f2
 26988 | Orc:1    | Found Guop Qass's General Store.
 26997 | Orc:1    | Bought a scroll of enchant weapon for 112 gold pieces
 27049 | Orc:1    | Found Qekusurch's General Store.
 27294 | Orc:1    | Reached XP level 15. HP: 114/126 MP: 23/28
 27313 | Orc:1    | Reached skill level 10 in Fighting
 27530 | Orc:1    | Noticed a fire giant
 27667 | Orc:1    | Killed a fire giant
 27776 | Orc:1    | Got a heavily runed ivory ring
 27777 | Orc:1    | Identified the ring of Baehotae {rPois rC- rN+ SInv Stlth+} (You found it on level 1 of the Orcish Mines)
 27884 | Orc:1    | Gained mutation: You are frail. (-10% HP) [mutagenic glow]
 27918 | Orc:1    | Lost mutation: You are frail. (-10% HP) [mutagenic glow]
 28126 | Orc:1    | Reached skill level 9 in Dodging
 28420 | Lair:5   | Identified the cursed +0 battleaxe of Taapejergh {flame, *Corrode Dex+6 SInv} (You found it on level 5 of the Lair of Beasts)
 28553 | Shoals:1 | Entered Level 1 of the Shoals
 28568 | Shoals:1 | Noticed a kraken
 28594 | Shoals:1 | Killed a kraken
 29410 | Shoals:1 | Reached skill level 16 in Maces & Flails
 29472 | Shoals:2 | Reached skill level 11 in Fighting
 29583 | Shoals:2 | Reached skill level 2 in Stealth
 29626 | Shoals:2 | Reached skill level 4 in Charms
 29967 | Shoals:2 | Noticed Roxanne
 30217 | Shoals:2 | Killed Roxanne
 30217 | Shoals:2 | Reached skill level 10 in Dodging
 30218 | Shoals:2 | Identified Roxanne's Catalogue of Transmutation (You took it off Roxanne on level 2 of the Shoals)
 30223 | Shoals:2 | Learned a level 2 spell: Passwall
 30325 | Shoals:3 | Reached skill level 3 in Stealth
 30334 | Shoals:3 | Reached skill level 8 in Necromancy
 30386 | Shoals:3 | Noticed a kraken
 30469 | Shoals:3 | Killed a kraken
 30804 | Shoals:3 | Reached skill level 1 in Armour
 30804 | Shoals:3 | Reached skill level 5 in Charms
 30913 | Shoals:3 | Reached XP level 16. HP: 130/138 MP: 29/29
 30975 | Shoals:3 | Reached skill level 2 in Armour
 30989 | Shoals:3 | Reached skill level 4 in Stealth
 31274 | Shoals:4 | Entered Level 4 of the Shoals
 31301 | Shoals:4 | Noticed Bai Suzhen
 31559 | Orc:1    | Bought a glowing scale mail for 290 gold pieces
 31595 | Orc:1    | Bought a shiny scale mail for 310 gold pieces
 31835 | Snake:1  | Entered Level 1 of the Snake Pit
 32083 | Snake:1  | Reached skill level 5 in Shields
 32304 | Snake:1  | Reached skill level 6 in Shields
 32621 | Snake:2  | Reached skill level 7 in Shields
 33073 | Snake:2  | Reached skill level 8 in Shields
 33324 | Snake:3  | Reached skill level 3 in Armour
 33481 | Snake:3  | Reached skill level 4 in Armour
 33647 | Snake:3  | Found Ruhan's Jewellery Emporium.
 33653 | Snake:3  | Bought an uncursed ring of protection from magic for 325 gold pieces
 33659 | Snake:3  | Reached skill level 5 in Armour
 34378 | Snake:3  | Reached skill level 6 in Armour
 34538 | Snake:4  | Entered Level 4 of the Snake Pit
 34646 | Snake:4  | Reached skill level 7 in Armour
 34843 | Snake:4  | Found Wiwi's Assorted Antiques.
 34853 | Snake:4  | Bought an ivory ring for 185 gold pieces
 35302 | Snake:4  | Reached skill level 8 in Armour
 35406 | Snake:4  | Reached XP level 17. HP: 104/144 MP: 28/30
 35446 | Snake:4  | Reached skill level 9 in Shields
 35633 | Snake:4  | Reached skill level 10 in Shields
 35826 | Snake:4  | your naga mage zombie is devoured by a tear in reality.
 36120 | Snake:4  | Got a serpentine rune of Zot
 36249 | Snake:4  | Reached skill level 11 in Shields
 37227 | D:14     | Found a gate to the Vaults.
 37319 | Vaults:1 | Entered Level 1 of the Vaults
 37350 | Vaults:1 | Reached skill level 12 in Shields
 37780 | Vaults:1 | Reached skill level 13 in Shields
 37925 | Vaults:1 | Found Meho's Magic Scroll Emporium.
 38103 | Vaults:1 | Bought a scroll of enchant weapon for 97 gold pieces
 38495 | Vaults:1 | Reached skill level 14 in Shields
 38758 | Vaults:1 | Reached XP level 18. HP: 142/151 MP: 22/31
 39462 | Vaults:2 | HP: 21/226 [frost giant (illusionary)/bolt of cold (22)]
 39464 | Vaults:2 | Killed from afar by a frost giant (illusionary)

Skill      XL: |  1  2  3  4  5  6  7  8  9 10 11 12 13 14 15 16 17 |
---------------+----------------------------------------------------+-----
Fighting       | 1 2 3 5 6 7 8 9 11 | 11.5
Shields        | 4 8 14 | 14.5
Dodging        | 3 4 8 10 | 10.1
Spellcasting   | 3 6 |  6.1
Necromancy     | 4 5 7 8 |  8.4
Long Blades    | 6 9 |  9.5
Maces & Flails | 4 10 13 14 15 16 | 16.0
Hexes          | 3 4 |  4.2
Charms         | 2 3 5 |  5.1
Translocations | 4 |  4.7
Stealth        | 3 4 |  4.1
Armour         | 1 8 |  8.5

Action                   |  1- 3 |  4- 6 |  7- 9 | 10-12 | 13-15 | 16-18 || total
-------------------------+-------+-------+-------+-------+-------+-------++-------
Melee: Unarmed           |     3 |       |       |       |       |       ||     3
       Spear             |    24 |    42 |       |       |       |       ||    66
       Hand axe          |       |     7 |       |       |       |       ||     7
       Falchion          |       |    36 |   427 |   273 |       |       ||   736
       Scimitar          |       |       |       |    21 |       |       ||    21
       Eveningstar       |       |       |       |   465 |  1794 |  1275 ||  3534
Throw: Throwing net      |       |       |       |       |     1 |       ||     1
 Cast: Pain              |    69 |    41 |     2 |    58 |    53 |     1 ||   224
       Vampiric Draining |       |     3 |     2 |     9 |    32 |    13 ||    59
       Animate Dead      |       |       |     3 |    27 |    57 |    51 ||   138
       Regeneration      |       |       |     4 |    52 |   138 |    81 ||   275
       Spectral Weapon   |       |       |       |     1 |    25 |    41 ||    67
       Repel Missiles    |       |       |       |       |     9 |    13 ||    22
       Blink             |       |       |       |       |    14 |     4 ||    18
       Passwall          |       |       |       |       |       |     1 ||     1
 Abil: Evoke Berserk Rag |       |       |       |       |     4 |       ||     4
Evoke: Wand              |       |       |       |       |    13 |     1 ||    14
       Lamp of fire      |       |       |       |       |     2 |     1 ||     3
  Use: Scroll            |       |     6 |     5 |    17 |    23 |     8 ||    59
       Potion            |       |       |     4 |     1 |    14 |     6 ||    25
 Stab: Sleeping          |     1 |     3 |     5 |     6 |    12 |    16 ||    43
       Distracted        |       |       |     1 |     7 |    16 |    25 ||    49
       Invisible         |       |       |     1 |       |     1 |       ||     2
       Confused          |       |       |       |     3 |       |       ||     3
       Paralysed         |       |       |       |       |     2 |       ||     2
  Eat: Chunk             |     5 |     6 |    20 |    40 |    45 |    24 ||   140
       Beef jerky        |       |       |       |     1 |     5 |       ||     6
       Meat ration       |       |       |       |       |     4 |     2 ||     6
       Pizza             |       |       |       |       |     2 |       ||     2
       Royal jelly       |       |       |       |       |       |     3 ||     3
       Fruit             |       |       |       |       |       |     2 ||     2
Armor: Robe              |     6 |    29 |       |       |       |       ||    35
       Scale mail        |       |    10 |    12 |       |       |   180 ||   202
       Leather armour    |       |       |   180 |    40 |       |       ||   220
       Skin              |       |       |     2 |       |       |       ||     2
       Troll leather arm |       |       |       |   144 |   220 |    50 ||   414
       Mottled dragon sc |       |       |       |       |   117 |       ||   117
Dodge: Dodged            |    29 |    49 |   287 |   445 |   965 |   481 ||  2256
       Deflected         |       |       |       |       |    23 |    49 ||    72
Block: Buckler           |       |       |   124 |   178 |   367 |   213 ||   882
       Shield            |       |       |       |       |       |   251 ||   251
       Rpst.: Falchion   |       |     5 |    68 |    36 |       |       ||   109
       Scimitar          |       |       |       |     5 |       |       ||     5
